 Dungeon Crawl Stone Soup version 0.29-a0-100-g60f898f876 (webtiles) character file.

Game seed: 4172453529651527711

80 lunkers the Stinger (level 4, -2/30 HPs)
             Began as a Merfolk Venom Mage on Feb 14, 2022.
             Slain by Grinder (12 damage)
             ... on level 3 of the Dungeon.
             The game lasted 00:06:11 (2929 turns).

lunkers the Stinger (Merfolk Venom Mage)            Turns: 2929, Time: 00:06:12

Health: -2/30      AC:  4    Str:  8    XL:     4   Next: 39%
Magic:  8/8        EV: 12    Int: 16    God:
Gold:   90         SH:  0    Dex: 14    Spells: 1/8 levels left

rFire   . . .      SeeInvis .   h - +0 dagger (speed)
rCold   . . .      Faith    .   (no shield)
rNeg    . . .      Spirit   .   a - +0 robe
rPois   .          Reflect  .   (no helmet)
rElec   .          Harm     .   j - +0 cloak
rCorr   .          Rampage  .   d - +0 pair of gloves
Will    .....                   (no boots)
Stlth   ++........              f - amulet of magic regeneration
HPRegen 0.10/turn               (no ring)
MPRegen 0.51/turn               (no ring)

@: mighty
A: (nimble swimmer 2), mertail
a: no special abilities


You were on level 3 of the Dungeon.
You visited 1 branch of the dungeon, and saw 3 of its levels.

You collected 90 gold pieces.

Inventory:

Hand Weapons
 h - a +0 dagger of speed (weapon)
Missiles
 r - a throwing net
Armour
 a - a +0 robe (worn)
 d - a +0 pair of gloves (worn)
 j - a +0 cloak (worn)
Jewellery
 f - an amulet of magic regeneration (around neck)
 q - a ring of protection from cold
Wands
 l - a wand of flame (2)
Scrolls
 g - a scroll of silence {unknown}
 i - 2 scrolls of fear {unknown}
 k - 2 scrolls of identify {unknown}
 o - a scroll of blinking {unknown}
 p - 2 scrolls of teleportation {unknown}
 s - a scroll of magic mapping {unknown}
Potions
 c - 2 potions of haste {unknown}
 e - 3 potions of heal wounds {unknown}
 m - a potion of invisibility {unknown}
 n - 2 potions of flight {unknown}


   Skills:
 - Level 2.6 Dodging
 - Level 2.1 Stealth
 + Level 2.8 Spellcasting
 - Level 1.3 Transmutations
 * Level 5.0 Poison Magic


You had one spell level left.
You knew the following spells:

 Your Spells              Type           Power      Damage    Failure   Level
a - Poisonous Vapours     Pois/Air       20%        N/A       11%         2
b - Sting                 Tmut/Pois      48%        1d5       5%          1
c - Olgreb's Toxic Radia  Pois           18%        N/A       24%         4

Your spell library contained the following spells:

 Spells                   Type           Power      Damage    Failure   Level
 Beastly Appendage        Tmut           12%        N/A       11%         1
 Magic Dart               Conj           8%         1d3       19%         1
 Spider Form              Tmut/Pois      12%        N/A       16%         3
 Wereblood                Tmut           6%         N/A       17%         2
 Searing Ray              Conj           4%         2d4       28%         2
 Mephitic Cloud           Conj/Pois/Air  7%         N/A       28%         3
 Tukima's Dance           Hex            2%         N/A       50%         3
 Fulminant Prism          Conj/Hex       1%         3d6       88%         4
 Passage of Golubria      Tloc           2%         N/A       88%         4
 Yara's Violent Unravell  Hex/Tmut       2%         3d3       99%         5


Dungeon Overview and Level Annotations

Branches:
Dungeon (3/15)

Altars:
Ashenzari

Annotations:
D:3 Grinder


Innate Abilities, Weirdness & Mutations

((You are very nimble when in or above water. (Stealth+, EV+, Speed+++)))
Your lower body shifts to a powerful aquatic tail in water.


Message History

Aiming: Throw Flame
Press: ? - help, Shift-Dir - straight line, f/p - Grinder
Aim: Grinder (moderately wounded, 64% to hit)
The puff of flame misses Grinder.
Grinder hits you.
You writhe in agony.
Aiming: Throw Flame
Press: ? - help, Shift-Dir - straight line, f/p - Grinder
Aim: Grinder (moderately wounded, 64% to hit)
The puff of flame hits Grinder.
Grinder is moderately wounded.
Grinder drinks a potion.
Grinder seems to grow stronger.
No previous command to re-do.
Okay, then.
Okay, then.
You feel very mighty all of a sudden. Grinder barely misses you.
You hit Grinder but do no damage.
Grinder is moderately wounded.
Grinder hits you but does no damage.
You closely miss Grinder.
Grinder is moderately wounded.
You barely miss Grinder.
Grinder is moderately wounded.
Grinder hits you!
You writhe in agony.
* * * LOW HITPOINT WARNING * * *
You closely miss Grinder.
Grinder is moderately wounded.
Grinder hits you.
* * * LOW HITPOINT WARNING * * *
You puncture Grinder!
Grinder is heavily wounded.
You hit Grinder.
Grinder is severely wounded.
Grinder hits you.
* * * LOW HITPOINT WARNING * * *
You writhe in agony.
* * * LOW HITPOINT WARNING * * *
You hit Grinder.
Grinder is severely wounded.
Grinder hits you!
You die...

### ### ..#
... #.# #
### #.# .#
#.##.#
#######.5..#
.......@.#
########.#.#
#.#.# #.#.#
#.#.# #.#.#
#.#.#
##.#.######
#
##.........#


You could see Grinder (strong).

Vanquished Creatures
  3 adders (D:2)
  A worm (D:2)
  A ball python (D:1)
  3 bats (D:1)
  5 endoplasms
  2 giant cockroaches (D:1)
  2 goblins
  6 hobgoblins
  4 jackals (D:2)
  6 kobolds
  3 quokkas
  6 frilled lizards
  2 rats
44 creatures vanquished.

Notes
Turn   | Place    | Note
-------+----------+-------------------------------------------
     0 | D:1      | lunkers the Merfolk Venom Mage began the quest for the Orb.
     0 | D:1      | Reached XP level 1. HP: 13/13 MP: 3/3
   301 | D:1      | Reached XP level 2. HP: 12/19 MP: 0/5
   763 | D:1      | Reached skill level 4 in Poison Magic
  1023 | D:1      | Reached XP level 3. HP: 22/24 MP: 3/6
  1026 | D:1      | Learned a level 2 spell: Poisonous Vapours
  2236 | D:2      | Reached XP level 4. HP: 30/30 MP: 1/8
  2295 | D:2      | Learned a level 4 spell: Olgreb's Toxic Radiance
  2608 | D:2      | Reached skill level 5 in Poison Magic
  2789 | D:3      | Found a broken altar of Ashenzari.
  2911 | D:3      | Noticed Grinder
  2929 | D:3      | Slain by Grinder

Illustrated notes

Levels and vault maps discovered:
D:1:      matt_arrival_grand_opening, layout_basic, minmay_tree_intersection,
          minivault_4, minmay_misc_feat_rugged, serial_bayou_pond_d
D:2:      layout_loops_ring
D:3:      layout_loops_ring, general_overflow_altar,
          mainiacjoe_overflow_cross_hatched, uniq_natasha, uniq_grinder

Skill      XL: |  1  2  3  4 |
---------------+-------------+-----
Poison Magic   | 4 5 |  5.0
Dodging        | |  2.6
Stealth        | |  2.1
Spellcasting   | |  2.8
Transmutations | |  1.3

Action                   |  1- 3 |  4- 6 || total
-------------------------+-------+-------++-------
Melee: Unarmed           |     7 |       ||     7
       Tailslap          |     2 |       ||     2
       Dagger            |    68 |    22 ||    90
       Punch             |     2 |       ||     2
 Cast: Sting             |    49 |     7 ||    56
       Poisonous Vapours |    40 |    18 ||    58
Evoke: Wand              |       |     8 ||     8
  Use: Potion            |       |     1 ||     1
Armor: Robe              |    23 |     6 ||    29
Dodge: Dodged            |    54 |     9 ||    63

Table legend: (Time is in decaauts)
 A = Elapsed time spent in this place.
 B = Non-inter-level travel time spent in this place.
 C = Inter-level travel time spent in this place.
 D = Time resting spent in this place.
 E = Time spent auto-exploring this place.
 F = Levels seen in this place.
 G = Mean time per level.
                   A        B        C        D        E       F      G
               +--------+--------+--------+--------+--------+-----+--------+
         Total |   2886 |   2828 |     58 |     82 |   2212 |   3 |  962.0 |
       Dungeon |   2886 |   2828 |     58 |     82 |   2212 |   3 |  962.0 |
               +--------+--------+--------+--------+--------+-----+--------+

Top non-repeatable levels by time:
     D:2: 1395 daAuts
     D:1: 1325 daAuts
     D:3: 165 daAuts
